AoeStats
← felipecmtz

Arabia

504624828Analyzed
4v4 RM · 26d ago on Sep 6, 2026· 71m 5s· 8 players
Game mode
Random Map
Map size
Large (8 player)
Population
200
Speed
Normal
Resources
Standard
Victory
Conquest
Starting age
Dark Age
Ending age
Imperial Age
RankedLock teamsTeams togetherTeam positionsShared explorationLock speedFull tech treeHidden civsTurbo modeCheats
Victory
Defeat
🇨🇴 Celts · Colombia
882
+15
🇪🇸 Georgians · Spain
865
+16
🇲🇽 Persians · Mexico
857
+16
🇩🇪 Tatars · Germany
841
+17
🇲🇽 Goths · Mexico
894
-18
🇨🇱 Mongols · Chile
890
-17
🇦🇷 Franks · Argentina
831
-15
🇺🇸 Huns · United States
821
-14
felipecmtz
10:41 Feudal Age
13:52 Loom
18:23 Castle Age
16:36 Double-Bit Axe
17:11 Horse Collar
18:29 Stone Mining
19:33 Gold Mining
20:20 Wheelbarrow
20:06 Bow Saw
20:57 Heavy Plow
21:43 Gold Shaft Mining
22:36 Hand Cart
22:58 Stone Shaft Mining
24:43 Padded Archer Armor
24:34 Fletching
25:05 Kamandaran
25:51 Crossbowman
28:11 Thumb Ring
28:32 Leather Archer Armor
28:13 Bodkin Arrow
30:17 Town Watch
33:55 Imperial Age
35:47 Ring Archer Armor
41:25 Scale Mail Armor
41:30 Scale Barding Armor
41:37 Forging
42:11 Ballistics
41:47 Murder Holes
42:39 Town Patrol
42:41 Husbandry
43:04 Chain Barding Armor
45:13 Bloodlines
44:24 Light Cavalry
44:26 Cavalier
45:51 Plate Barding Armor
45:51 Iron Casting
46:01 Caravan
46:34 Savar
49:45 Crop Rotation
50:17 Two-Man Saw
51:09 Chemistry
51:02 Conscription
52:42 Citadels
54:31 Blast Furnace
54:39 Masonry
57:23 Coinage
57:33 Hoardings
61:20 Banking
GAMOX | x5gantai
10:26 Feudal Age
11:22 Double-Bit Axe
11:25 Loom
11:36 Horse Collar
15:56 Forging
17:21 Wheelbarrow
17:39 Scale Barding Armor
19:28 Gold Mining
23:11 Castle Age
21:45 Bloodlines
22:34 Fletching
24:14 Bow Saw
24:06 Heavy Plow
24:15 Husbandry
27:54 Stone Mining
29:55 Murder Holes
30:21 Ballistics
31:53 Masonry
32:05 Chain Barding Armor
34:23 Iron Casting
38:06 Imperial Age
37:15 Hand Cart
36:46 Town Watch
38:55 Town Patrol
39:33 Stone Shaft Mining
40:02 Chemistry
39:57 Plate Barding Armor
40:22 Blast Furnace
40:06 Conscription
41:22 Elite Monaspa
43:05 Crop Rotation
44:52 Svan Towers
46:10 Architecture
47:21 Blast Furnace
46:04 Treadmill Crane
46:04 Heavy Cavalry Archer
47:09 Parthian Tactics
47:02 Light Cavalry
47:57 Bodkin Arrow
48:02 Padded Archer Armor
48:21 Hussar
51:35 Leather Archer Armor
54:38 Hoardings
55:14 Aznauri Cavalry
60:11 Siege Engineers
61:36 Arrowslits
69:41 Bracer
Lorkan
5:28 Loom
12:14 Feudal Age
19:01 Castle Age
32:09 Bloodlines
41:42 Imperial Age
39:40 Scale Barding Armor
42:33 Forging
43:11 Heavy Camel Rider
45:03 Chain Barding Armor
45:19 Iron Casting
48:13 Crossbowman
48:17 Elite Skirmisher
54:34 Padded Archer Armor
54:25 Fletching
60:33 Chemistry
Pcpotato
10:36 Feudal Age
12:49 Horse Collar
13:10 Loom
19:40 Castle Age
23:48 Town Watch
24:40 Wheelbarrow
23:59 Fletching
24:01 Double-Bit Axe
28:30 Murder Holes
33:52 Imperial Age
35:49 Chemistry
39:14 Bodkin Arrow
39:30 Forging
39:43 Ballistics
39:31 Siege Engineers
40:02 Town Patrol
41:40 Hand Cart
41:04 Heavy Scorpion
44:05 Elite Woad Raider
46:37 Iron Casting
46:02 Scale Mail Armor
45:45 Pikeman
46:10 Arson
46:11 Gambesons
46:35 Halberdier
49:42 Chain Mail Armor
53:48 Blast Furnace
53:18 Plate Mail Armor
57:27 Padded Archer Armor
57:33 Scale Barding Armor
61:40 Onager
62:48 Bow Saw
66:37 Leather Archer Armor
66:42 Chain Barding Armor
66:27 Stone Mining
66:27 Gold Mining
66:33 Stone Mining
★GGsorryGLnextime★
1:00 Loom
12:01 Feudal Age
14:05 Bloodlines
20:50 Castle Age
19:48 Horse Collar
21:42 Double-Bit Axe
26:01 Forging
25:57 Scale Barding Armor
25:55 Heavy Plow
26:09 Husbandry
25:34 Pikeman
26:14 Squires
27:46 Bow Saw
27:49 Fletching
28:39 Bodkin Arrow
31:55 Wheelbarrow
31:06 Town Watch
31:43 Stone Mining
43:45 Murder Holes
44:11 Ballistics
45:07 Anarchy
56:15 Iron Casting
55:42 Scale Mail Armor
58:36 Coinage
62:38 Caravan
69:04 Elite Skirmisher
TDMC | SpAwN_™
0:27 Loom
9:56 Feudal Age
10:29 Double-Bit Axe
10:27 Horse Collar
19:14 Castle Age
18:13 Bloodlines
21:15 Husbandry
21:56 Wheelbarrow
21:51 Gold Mining
30:20 Heavy Plow
31:59 Forging
36:10 Imperial Age
34:31 Bow Saw
33:55 Pikeman
37:06 Scale Barding Armor
38:29 Cavalier
42:56 Iron Casting
42:57 Halberdier
44:37 Chain Barding Armor
44:30 Masonry
46:02 Squires
46:56 Light Cavalry
48:44 Two-Man Saw
48:31 Paladin
50:09 Hand Cart
50:27 Scale Mail Armor
52:14 Plate Barding Armor
52:48 Gold Shaft Mining
52:57 Chain Mail Armor
54:31 Blast Furnace
53:32 Stone Mining
53:54 Fletching
57:02 Padded Archer Armor
58:35 Hussar
61:12 Conscription
62:31 Bodkin Arrow
albe.nuneza
1:26 Loom
10:25 Feudal Age
11:41 Double-Bit Axe
15:09 Wheelbarrow
18:09 Castle Age
17:19 Fletching
17:56 Padded Archer Armor
17:52 Gold Mining
17:48 Horse Collar
25:48 Wheelbarrow
27:19 Ballistics
26:59 Bodkin Arrow
27:17 Heavy Plow
28:54 Thumb Ring
30:16 Leather Archer Armor
31:02 Hand Cart
37:26 Imperial Age
34:58 Stone Mining
35:44 Gold Shaft Mining
35:42 Forging
38:46 Parthian Tactics
39:29 Chemistry
37:53 Heavy Cavalry Archer
39:06 Parthian Tactics
38:47 Husbandry
50:15 Murder Holes
61:00 Siege Engineers
lucasdboca
3:16 Loom
10:18 Feudal Age
10:47 Double-Bit Axe
13:09 Wheelbarrow
19:43 Castle Age
18:19 Stone Mining
18:39 Scale Barding Armor
20:39 Husbandry
22:08 Bow Saw
22:17 Gold Mining
24:35 Forging
26:16 Hand Cart
27:39 Chain Barding Armor
27:57 Gold Shaft Mining
30:24 Iron Casting
34:32 Imperial Age
31:55 Town Watch
32:18 Scale Mail Armor
34:41 #83
36:32 Blast Furnace
35:48 Chain Mail Armor
35:33 Cavalier
37:15 Town Patrol
38:28 Plate Barding Armor
37:24 Elite Throwing Axeman
39:02 Plate Mail Armor
40:12 Paladin
43:53 Fortified Wall
44:04 Ballistics
44:45 Chemistry
44:49 Pikeman
45:29 Squires
45:15 Arson
45:48 Fletching
45:59 Padded Archer Armor
46:08 Halberdier
58:10 Chivalry
58:55 Elite Skirmisher
63:46 Bodkin Arrow
64:07 Leather Archer Armor
Connection lost

Rejoining the realm…

Still unreachable

The connection could not be restored.

Session expired

The server has moved on; the page needs a fresh start.